Map: Orbital Shipyard

Players

Armax

  • Race: Zerg Zerg

desRow - Winner!

  • Race: Protoss Protoss

Event: NationWars III

VOD

Have the link to the VOD?

Description

Time

  • Played on: Nov. 20, 2015, 12:23 p.m.
  • Length: 18:50

All games in this series

Show
View Real Time Build Order
Export as new Build Order

Armax Zerg 

Build Orders: Hatch First, Lurkers 

Get SALT Encoding   

  12  0:01  Drone  
  13  0:12  Overlord  
  13  0:18  Drone  
  14  0:26  Drone, Extractor  
  15  0:32  Drone  
  15  0:35  Drone  
  17  0:53  Hatchery  
  16  0:57  Drone  
  17  1:09  Spawning Pool  
  16  1:11  Drone  
  16  1:15  Extractor  
  16  1:17  Drone  
  17  1:20  Drone  
  18  1:28  Drone  
  19  1:38  Overlord  
  19  1:50  Drone  
  20  1:57  Queen  
  20  2:00  Drone  
  23  2:05  Queen  
  23  2:06  Zergling x2  
  26  2:11  Drone  
  27  2:17  Drone  
  27  2:20  Metabolic Boost  
  27  2:21  Drone  
  29  2:29  Drone  
  30  2:39  Drone  
  30  2:40  Hatchery, Drone  
  31  2:46  Overlord  
  31  2:49  Drone  
  32  2:54  Queen  
  34  3:00  Drone x2  
  36  3:05  Overlord  
  36  3:07  Drone x2  
  38  3:14  Zergling x6  
  38  3:17  Overlord  
  38  3:19  Drone  
  42  3:23  Drone  
  43  3:29  Drone  
  44  3:38  Drone x4  
  44  3:41  Extractor  
  47  3:42  Roach Warren  
  47  3:47  Overlord  
  46  3:48  Drone  
  46  3:54  Drone x2  
  49  3:57  Lair  
  49  3:59  Overlord  
  49  4:01  Drone  
  50  4:03  Drone  
  50  4:04  Zergling x6  
  54  4:11  Drone  
  54  4:12  Drone x3  
  57  4:20  Spine Crawler  
  56  4:25  Evolution Chamber, Extractor  
  56  4:26  Zergling x2  
  56  4:27  Zergling x6  
  56  4:28  Overlord  
  58  4:35  Queen  
  58  4:37  Drone x3  
  63  4:39  Roach  
  65  4:50  Drone  
  65  4:51  Drone x6  
  71  4:54  Zerg Missile Weapons Level 1, Drone  
  71  4:58  Glial Reconstitution  
  72  5:01  Overlord  
  72  5:06  Drone  
  73  5:07  Drone  
  73  5:08  Drone x2  
  73  5:09  Drone x2  
  73  5:11  Extractor  
  73  5:14  Drone  
  71  5:26  Roach  
  71  5:27  Roach x5  
  80  5:30  Drone x2  
  82  5:37  Drone  
  82  5:40  Overlord  
  83  5:43  Drone x3  
  83  5:47  Drone x3, Hydralisk Den, Extractor  
  83  5:49  Overlord, Extractor  
  86  5:51  Overlord  
  86  5:55  Overlord  
  86  5:57  Overlord  
  86  5:59  Overlord  
  86  6:06  Drone x3  
  86  6:09  Drone  
  86  6:10  Drone  
  91  6:12  Drone x2  
  91  6:17  Drone  
  91  6:18  Drone x4  
  98  6:21  Pneumatized Carapace  
  98  6:24  Drone x3  
  101  6:30  Overlord  
  101  6:37  Overseer  
  101  6:43  Overlord  
  101  6:44  Lurker Den  
  101  6:45  Hydralisk x2  
  105  6:50  Hydralisk x2  
  105  6:53  Hatchery, Hydralisk  
  105  6:54  Hydralisk  
  112  7:05  Hydralisk x5  
  122  7:13  Overlord  
  122  7:21  Roach x3  
  122  7:22  Roach x2  
  132  7:28  Overlord  
  132  7:30  Drone x3  
  132  7:36  Roach  
  141  7:37  Roach x2  
  141  7:56  Overlord  
  140  8:11  Lurker  
  140  8:12  Lurker x9  
  150  8:14  Zergling x20  
  156  8:25  Roach  
  156  8:26  Roach x4  
  164  8:27  Hatchery  
  159  8:40  Evolution Chamber  
  157  8:47  Queen  
  157  8:48  Drone x2, Extractor  
  159  8:55  Hydralisk  
  159  8:56  Hydralisk x4  
  169  9:05  Overlord  
  169  9:07  Overlord x3  
  165  9:12  Overlord x2  
  165  9:13  Overlord, Zerg Missile Weapons Level 2  
  165  9:19  Spine Crawler  
  165  9:21  Spine Crawler x2  
  165  9:22  Overlord  
  160  9:25  Hatchery, Overlord  
  160  9:29  Spine Crawler  
  160  9:31  Overlord x2, Spine Crawler  
  153  9:33  Spine Crawler  
  153  9:34  Overlord  
  153  9:36  Zergling x2  
  153  9:37  Zergling x2  
  152  9:42  Roach x2  
  126  10:07  Hydralisk  
  126  10:08  Hydralisk x9  
  126  10:12  Overlord  
  146  10:18  Overlord  
  144  10:33  Lurker  
  144  10:34  Lurker x7  
  152  10:47  Roach x2  
  152  10:48  Roach x6  
  168  10:55  Drone  
  168  10:56  Drone x9  
  172  11:00  Overlord x2  
  164  11:18  Zergling x12  
  165  11:19  Zergling x4  
  165  11:21  Hydralisk  
  174  11:30  Overlord, Extractor  
  174  11:31  Extractor  
  172  11:37  Roach x5  
  172  11:39  Zerg Ground Armor Level 1  
  182  11:44  Overlord  
  182  11:59  Hatchery  
  164  12:12  Hydralisk x5  
  164  12:13  Hydralisk x6  
  164  12:19  Roach  
  164  12:20  Roach x5  
  176  12:32  Infestation Pit, Zergling x8  
  179  12:38  Overlord  
  179  12:43  Spore Crawler  
  178  12:44  Spore Crawler, Spine Crawler  
  178  12:45  Spore Crawler, Drone x2  
  178  12:46  Overlord, Spine Crawler  
  176  12:52  Overlord  
  176  12:53  Lurker x2  
  178  13:05  Overlord  
  178  13:08  Zergling x10  
  178  13:09  Zergling x16  
  178  13:11  Overlord  
  191  13:18  Hydralisk  
  191  13:19  Hydralisk x2  
  197  13:22  Hive  
  178  13:53  Roach x11  
  186  14:32  Hydralisk x7  
  187  14:46  Hydralisk x7  
  196  15:00  Viper  
  196  15:10  Viper x4  
  195  15:17  Extractor  
  195  15:18  Hatchery  
  189  15:22  Extractor  
  188  15:30  Viper x2  
  191  15:45  Drone x3  
  191  15:46  Drone x3  
  197  15:52  Overlord  
  197  15:53  Lurker  
  197  15:54  Lurker x2  
  199  16:05  Spire  
  199  16:06  Overlord  
  174  16:48  Hydralisk x11  
  196  16:57  Overseer  
  196  17:04  Overseer x2  
  196  17:10  Overseer  
  191  17:33  Viper x2  
  151  17:53  Hydralisk x10  
  171  18:05  Corruptor  
  171  18:08  Drone x2  
  171  18:09  Drone  
  176  18:13  Overlord  
  176  18:17  Overlord  
  176  18:19  Hatchery  
Show
View Real Time Build Order
Export as new Build Order

desRow Protoss - Winner!

Build Orders: 1 Gate Expand 

Get SALT Encoding   

  12  0:00  Probe (Chrono Boost)  
  13  0:11  Probe (Chrono Boost)  
  14  0:22  Probe (Chrono Boost), Pylon  
  15  0:40  Probe (Chrono Boost)  
  15  0:41  Gateway  
  16  0:50  Probe (Chrono Boost)  
  17  1:01  Probe (Chrono Boost)  
  18  1:11  Probe (Chrono Boost)  
  18  1:15  Nexus  
  19  1:24  Probe (Chrono Boost)  
  19  1:25  Pylon  
  20  1:29  Assimilator  
  20  1:34  Assimilator  
  20  1:37  Probe (Chrono Boost)  
  21  1:47  Probe (Chrono Boost)  
  21  1:54  Cybernetics Core  
  22  1:58  Probe (Chrono Boost)  
  23  2:08  Probe (Chrono Boost)  
  24  2:19  Probe (Chrono Boost)  
  26  2:30  Probe (Chrono Boost), Adept (Chrono Boost), Warp Gate (Chrono Boost)  
  26  2:34  Probe (Chrono Boost)  
  29  2:37  Robotics Facility  
  29  2:40  Probe (Chrono Boost)  
  29  2:43  Probe  
  31  2:52  Probe (Chrono Boost)  
  31  2:55  Probe (Chrono Boost)  
  33  3:03  Probe (Chrono Boost)  
  33  3:04  Pylon  
  34  3:06  Probe (Chrono Boost)  
  35  3:14  Mothership Core (Chrono Boost)  
  35  3:16  Probe (Chrono Boost)  
  38  3:22  Gateway  
  38  3:23  Gateway, Observer (Chrono Boost)  
  38  3:26  Gateway, Probe  
  39  3:33  Probe, Assimilator  
  41  3:34  Pylon  
  41  3:39  Probe  
  42  3:42  Warp Prism  
  42  3:45  Probe  
  45  3:49  Pylon  
  45  3:51  Probe  
  46  3:58  Probe  
  46  4:02  Assimilator  
  47  4:03  Probe  
  48  4:14  Nexus  
  48  4:17  Probe x2 (Chrono Boost)  
  50  4:29  Pylon  
  50  4:34  Adept x4  
  50  4:36  Probe x2 (Chrono Boost)  
  59  4:56  Sentry, Adept x2  
  65  5:02  Adept  
  65  5:06  Probe (Chrono Boost), Pylon  
  65  5:07  Probe (Chrono Boost)  
  69  5:16  Adept x2  
  69  5:20  Probe (Chrono Boost)  
  72  5:26  Probe (Chrono Boost)  
  69  5:31  Probe (Chrono Boost)  
  69  5:32  Stalker, Robotics Bay  
  69  5:33  Stalker  
  69  5:35  Twilight Council  
  72  5:37  Probe (Chrono Boost)  
  72  5:38  Stalker  
  72  5:39  Stalker  
  72  5:41  Probe (Chrono Boost)  
  78  5:47  Probe (Chrono Boost)  
  79  5:51  Probe (Chrono Boost)  
  79  5:52  Probe (Chrono Boost)  
  81  5:58  Probe (Chrono Boost)  
  81  6:01  Probe (Chrono Boost)  
  81  6:02  Probe (Chrono Boost)  
  81  6:03  Assimilator  
  81  6:04  Gateway  
  84  6:05  Gateway  
  84  6:07  Blink (Chrono Boost)  
  84  6:08  Probe (Chrono Boost), Adept  
  84  6:11  Probe (Chrono Boost)  
  87  6:13  Probe (Chrono Boost)  
  87  6:17  Probe  
  89  6:19  Disruptor (Chrono Boost)  
  89  6:21  Probe  
  94  6:28  Gravitic Drive  
  94  6:30  Forge, Assimilator  
  94  6:36  Stalker x2  
  98  6:43  Pylon  
  98  6:48  Stalker  
  98  6:52  Pylon  
  100  6:55  Disruptor  
  103  7:05  Stalker x3  
  103  7:07  Gateway  
  109  7:09  Gateway  
  109  7:13  Protoss Ground Weapons Level 1 (Chrono Boost)  
  109  7:14  Pylon  
  109  7:16  Pylon  
  109  7:17  Stalker x2  
  113  7:25  Stalker  
  115  7:33  Disruptor  
  115  7:34  Stalker  
  115  7:36  Stalker x2  
  121  7:40  Stalker x2  
  128  7:48  Pylon  
  128  7:49  Pylon  
  128  7:51  Stalker  
  128  8:00  Stalker x2  
  132  8:13  Stalker x3  
  138  8:20  Stalker x3  
  142  8:38  Stalker x3  
  148  8:47  Nexus  
  146  9:02  Stalker x2  
  148  9:05  Pylon  
  148  9:06  Pylon  
  142  9:23  Pylon  
  140  9:24  Stalker x2  
  140  9:27  Stalker x2  
  140  9:29  Stalker  
  140  9:30  Stalker  
  149  9:38  Observer Gravitic Boosters, Protoss Ground Weapons Level 2 (Chrono Boost)  
  149  9:53  Stargate  
  149  9:54  Stargate  
  149  9:58  Disruptor  
  150  10:10  Probe  
  150  10:12  Probe x3  
  154  10:14  Pylon  
  154  10:18  Pylon, Stargate  
  154  10:20  Probe  
  154  10:22  Assimilator  
  154  10:24  Probe x2  
  154  10:28  Assimilator  
  157  10:29  Adept, Charge  
  157  10:35  Zealot x3  
  165  10:42  Probe  
  165  10:44  Probe  
  165  10:45  Probe  
  165  10:46  Probe, Fleet Beacon  
  169  11:06  Probe  
  169  11:08  Probe x2  
  172  11:17  Protoss Ground Weapons Level 3 (Chrono Boost)  
  168  11:20  Observer  
  168  11:21  Probe  
  168  11:23  Probe x2  
  168  11:24  Photon Cannon  
  172  11:25  Photon Cannon  
  172  11:27  Photon Cannon  
  172  11:30  Tempest x3 (Chrono Boost)  
  184  11:41  Adept  
  184  11:42  Observer  
  187  11:55  Adept x3  
  193  12:19  Pylon  
  193  12:35  Tempest (Chrono Boost)  
  195  12:38  Tempest (Chrono Boost)  
  197  13:02  Protoss Air Weapons Level 1  
  197  13:08  Nexus  
  197  13:10  Assimilator  
  197  13:15  Assimilator  
  197  13:18  Stalker  
  199  13:32  Pylon  
  199  13:34  Pylon  
  199  13:42  Protoss Shields Level 1  
  200  14:03  Tempest (Chrono Boost)  
  192  14:24  Tempest (Chrono Boost)  
  190  14:25  Tempest (Chrono Boost)  
  190  14:29  Observer  
  184  14:40  Oracle (Chrono Boost)  
  186  14:51  Observer  
  187  14:59  Dark Shrine  
  187  15:01  Tempest (Chrono Boost)  
  191  15:24  Probe  
  191  15:26  Probe x2  
  194  15:40  Tempest (Chrono Boost)  
  198  15:55  Zealot  
  199  16:01  Cybernetics Core  
  199  16:06  Photon Cannon  
  199  16:07  Photon Cannon  
  199  16:08  Photon Cannon  
  199  16:09  Pylon  
  199  16:10  Pylon  
  199  16:11  Pylon  
  198  16:12  Zealot  
  200  16:22  Protoss Shields Level 2  
  194  16:48  Gateway  
  194  16:50  Gateway, Nexus  
  194  16:51  Zealot x3  
  194  16:52  Gateway  
  194  16:53  Assimilator  
  194  16:54  Gateway  
  200  16:55  Assimilator  
  200  16:59  Pylon  
  187  17:33  Tempest x2 (Chrono Boost)  
  176  17:49  Disruptor  
  178  17:54  Robotics Facility  
  178  17:58  Dark Templar x5  
  178  18:01  Zealot x3  
  178  18:02  Zealot x4  
  198  18:18  Photon Cannon  
  198  18:20  Photon Cannon  
  198  18:21  Photon Cannon  
  198  18:26  Zealot x7  
  200  18:28  Pylon  
  200  18:31  Pylon  
Tags
 
Add a new tag
Caveats
  • Supply blocks, unpowered buildings, or Contaminate may cause inaccurate times.
  • Supply counts are checked every 10 seconds.